 Dungeon Crawl Stone Soup version 0.21-a0-404-g291f19a (webtiles) character file.

22 zaque the Vexing (level 2, -1/27 HPs)
             Began as an Ogre Arcane Marksman on Oct 29, 2017.
             Slain by a hobgoblin
             ... wielding a +0 club
             ... led by Robin
              (2 damage)
             ... on level 1 of the Dungeon.
             The game lasted 00:02:43 (1449 turns).

zaque the Vexing (Ogre Arcane Marksman)             Turns: 1449, Time: 00:02:43

Health: -1/27      AC:  3    Str: 13    XL:     2   Next: 91%
Magic:  4/4        EV: 10    Int: 14    God:
Gold:   35         SH:  0    Dex:  9    Spells: 2/3 levels left

rFire    . . .     SeeInvis .   e - +0 club
rCold    . . .     Gourm    .   (no shield)
rNeg     . . .     Faith    .   a - +0 robe
rPois    .         Spirit   .   (helmet restricted)
rElec    .         Reflect  .   (no cloak)
rCorr    .         Harm     .   (gloves unavailable)
MR       .....                  (boots unavailable)
Stlth    +.........             (no amulet)
HPRegen  0.09/turn              (no ring)
MPRegen  0.09/turn              (no ring)

@: no status effects
A: unfitting armour, tough skin 1
a: no special abilities


You were on level 1 of the Dungeon.
You were not hungry.

You visited 1 branch of the dungeon, and saw 2 of its levels.

You collected 35 gold pieces.

Inventory:

Hand Weapons
 e - a +0 club (weapon)
 h - a +0 whip
Missiles
 c - 4 large rocks (quivered)
 d - 2 throwing nets
Armour
 a - a +0 robe (worn)
Scrolls
 g - 2 scrolls of remove curse {unknown}
 i - a scroll of enchant armour {unknown}
 k - 2 scrolls of teleportation {unknown}
Books
 b - a book of Debilitation

   Spells                             Type                      Level
   a - Corona                         Hexes                        1
   b - Slow                           Hexes                        2
   c - Inner Flame                    Hexes/Fire                   3
   d - Portal Projectile              Hexes/Translocation          3
   e - Cause Fear                     Hexes                        4
   f - Leda's Liquefaction            Hexes/Earth                  4
Comestibles
 f - 2 bread rations
 j - a royal jelly
 l - a meat ration
 m - a fruit


   Skills:
 + Level 1.5 Fighting
 * Level 2.2 Throwing
 - Level 1.7 Dodging
 + Level 1.3 Spellcasting
 + Level 3.4 Hexes


You had 2 spell levels left.
You knew the following spells:

 Your Spells              Type           Power        Failure   Level  Hunger
a - Corona                Hex            ##.....      6%          1    ##.....


Dungeon Overview and Level Annotations

Branches:
Dungeon (2/15)

Altars:

Annotations:
D:2 Robin


Innate Abilities, Weirdness & Mutations

You are too large for most types of armour.
You have tough skin. (AC +1)


Message History

The goblin barely misses you. The goblin hits you but does no damage.
The goblin hits you.
* * * LOW HITPOINT WARNING * * *
You barely miss the goblin.
The goblin is severely wounded.
The goblin closely misses you. The goblin misses you. The goblin hits you.
* * * LOW HITPOINT WARNING * * *
The goblin closely misses you. The goblin barely misses you.
You hit the goblin but do no damage.
The goblin is severely wounded.
The goblin closely misses you. x3; The goblin barely misses you.
You hit the goblin.
You kill the goblin!
The goblin hits you but does no damage. The goblin closely misses you.
You closely miss the hobgoblin. The goblin hits you with a club.
* * * LOW HITPOINT WARNING * * *
The goblin hits you with a club.
* * * LOW HITPOINT WARNING * * *
The hobgoblin hits you with a club.
You die...

≈≈.#.##.########..#####...##.)...
≈≈................# ##...#####..
≈≈≈.###.########.## #8...8# #..
≈≈≈.###.# #.# ##...## #..
≈≈≈.....# #.# #...# ##..
≈≈≈≈.#### #.# ##..)## #... ≈≈≈≈.#
#g# #8...8###.#. ≈≈≈≈.## #g##
###...###.... ≈≈≈≈..#
#@g###.#.....#.... ≈≈≈≈≈.#
##g##.###.#....... ≈≈≈≈≈.#
#.###.##......... ≈≈≈≈≈.# #.#
##.#.#....... ≈≈≈≈≈.# #.#
##....##...# ≈≈≈≈..# #.#
##.#.##...# ≈≈≈≈..#
#.#####.....##.## ≈≈≈≈..#
#..............# .≈≈...#
######..###......#..#


You could see a hobgoblin and 3 goblins.

Vanquished Creatures
  A dart slug (D:1)
  6 bats (D:1)
  5 goblins (D:1)
  2 hobgoblins (D:1)
  A ball python (D:1)
  A frilled lizard (D:1)
  2 kobolds (D:1)
18 creatures vanquished.

Notes
Turn   | Place    | Note
-------+----------+-------------------------------------------
     0 | D:1      | zaque the Ogre Arcane Marksman began the quest for the Orb.
     0 | D:1      | Reached XP level 1. HP: 19/19 MP: 2/2
   195 | D:1      | Reached skill level 3 in Hexes
   290 | D:1      | Reached XP level 2. HP: 18/27 MP: 3/3
  1438 | D:2      | Noticed Robin
  1449 | D:1      | HP: 1/27 [goblin/club[Robin] (1)]
  1449 | D:1      | Slain by a hobgoblin

Vault maps used:
D:1:      minmay_arrival_shoal_huts, serial_park_tiny_pond,
          corexii_hall_statues_i, st_stairs_9
D:2:      lemuel_crystal_altar, serial_forest, infiniplex_forest_lined_2,
          infiniplex_forest_end_3, infiniplex_forest_end_2,
          infiniplex_forest_straight_4, infiniplex_forest_lined_2,
          infiniplex_forest_lined_2, infiniplex_forest_end_2,
          infiniplex_forest_lined_2, infiniplex_forest_clump_tiny,
          infiniplex_forest_end_1, grunt_ministairs_7, uniq_robin

Skill      XL: |  1 |
---------------+----+-----
Hexes          | 3 |  3.4
Fighting       | |  1.5
Throwing       | |  2.2
Dodging        | |  1.7
Spellcasting   | |  1.3

Action                   || total
-------------------------++-------
Melee: Club              ||    88
       Unarmed           ||    12
 Cast: Corona            ||     2
  Eat: Chunk             ||     2
Armor: Robe              ||    55
Dodge: Dodged            ||    99

Table legend:
 A = Spawn XP
 B = Non-spawn XP
 C = Spawn XP percentage of total XP
 D = Spawn monster count
 E = Non-spawn monster count
 F = Spawn count percentage of total count
 G = Total turns spent on level
                    A         B        C        D         E        F      G
               +---------+---------+-------+---------+---------+-------+---------
         Total |       0 |      32 |   0.0 |       0 |      18 |   0.0 |  1449
               +---------+---------+-------+---------+---------+-------+---------
           D:1 |       0 |      32 |   0.0 |       0 |      18 |   0.0 |  1447
               +---------+---------+-------+---------+---------+-------+---------
